 Dungeon Crawl Stone Soup version 0.30-a0-639-g3916f1956a (webtiles) character file.

Game seed: 8929886716233875486

70 experimilk the Conjurer (level 4, 0/33 HPs)
             Began as a Draconian Conjurer on Jan 15, 2023.
             Slain by a goblin
             ... wielding a +0 club
             ... led by Robin
              (4 damage)
             ... on level 2 of the Dungeon.
             The game lasted 00:03:36 (2197 turns).

experimilk the Conjurer (Draconian Conjurer)        Turns: 2197, Time: 00:03:36

Health: 0/33       AC:  5    Str: 10    XL:     4   Next: 3%
Magic:  8/8        EV: 12    Int: 20    God:
Gold:   86         SH:  0    Dex:  9    Spells: 7/8 levels left

rFire   . . .      SeeInvis .    d - +0 short sword
rCold   . . .      Faith    .    (no shield)
rNeg    . . .      Spirit   .    (body armour unavailable)
rPois   .          Reflect  .    (helmet restricted)
rElec   .          Harm     .    (no cloak)
rCorr   .          Rampage  .    (no gloves)
Will    .....                    (no boots)
Stlth   ++                       (no amulet)
HPRegen 0.25/turn                (no ring)
MPRegen 0.11/turn                (no ring)

@: no status effects
A: AC +5, unfitting armour, cold-blooded
a: no special abilities


You were on level 2 of the Dungeon.
You visited 1 branch of the dungeon, and saw 2 of its levels.

You collected 86 gold pieces.

Inventory:

Hand Weapons
 d - a +0 short sword (weapon)
 h - a +2 whip of pain
Scrolls
 b - 3 scrolls of identify {unknown}
 e - a scroll of blinking {unknown}
 f - a scroll of teleportation {unknown}
Potions
 c - 2 potions of ambrosia {unknown}
 g - a potion of flight {unknown}
 i - a potion of invisibility {unknown}
 j - a potion of curing {unknown}


   Skills:
 - Level 1.7 Dodging
 - Level 1.7 Stealth
 + Level 2.7 Spellcasting
 * Level 5.1 Conjurations


You had 7 spell levels left.
You knew the following spells:

 Your Spells              Type           Power      Damage    Failure   Level
a - Magic Dart            Conj           92%        1d7       1%          1

Your spell library contained the following spells:

 Spells                   Type           Power      Damage    Failure   Level
 Searing Ray              Conj           46%        2d6       2%          2
 Freeze                   Ice            8%         1d3       14%         1
 Dazzling Flash           Conj/Hex       26%        N/A       16%         3
 Hailstorm                Conj/Ice       13%        3d5       16%         3
 Cigotuvi's Dreadful Rot  Necr/Pois/Air  4%         N/A       22%         2
 Poisonous Vapours        Pois/Air       4%         N/A       22%         2
 Mephitic Cloud           Conj/Pois/Air  9%         N/A       22%         3
 Frozen Ramparts          Ice            4%         1d1       41%         3
 Fulminant Prism          Conj/Hex       6%         3d6       45%         4
 Iskenderun's Mystic Bla  Conj/Tloc      13%        2d5       45%         4


Dungeon Overview and Level Annotations

Branches:
Dungeon (2/15)

Altars:

Shops:
D:1 !

Annotations:
D:2 Robin


Innate Abilities, Weirdness & Mutations

Your plain brown scales are hard. (AC +5)
You cannot fit into any form of body armour.
You are cold-blooded and may be slowed by cold attacks.


Message History

Robin roars a battlecry!
The goblins go into a battle-frenzy!
The goblin unwields a +0 club.
The goblin wields a +0 sling.
The goblin shoots a sling bullet.
The sling bullet hits you.
* * * LOW HITPOINT WARNING * * *
Robin throws the goblin at you!
You closely miss the hobgoblin.
The hobgoblin shouts!
You tail-slap the hobgoblin.
The hobgoblin is moderately wounded.
The goblin unwields a +0 sling.
The goblin wields a +0 club.
The goblin hits you but does no damage. The hobgoblin misses you.
Robin roars a battlecry!
The hobgoblin goes into a battle-frenzy!
You hit the hobgoblin.
The hobgoblin is heavily wounded.
The goblin closely misses you. The hobgoblin closely misses you.
The hobgoblin misses you. Robin throws the goblin at you!
You hit the hobgoblin.
The hobgoblin is almost dead.
The goblin closely misses you. The hobgoblin barely misses you.
The hobgoblin hits you but does no damage.
The goblin hits you with a +0 club.
* * * LOW HITPOINT WARNING * * *
You closely miss the hobgoblin.
The hobgoblin is almost dead.
The hobgoblin no longer looks unusually strong.
The goblin misses you. The hobgoblin closely misses you.
The hobgoblin hits you but does no damage.
The goblin closely misses you.
Robin roars a battlecry!
The hobgoblin goes into a battle-frenzy!
You hit the hobgoblin.
You kill the hobgoblin!
The goblin closely misses you. The hobgoblin barely misses you.
The goblin barely misses you.
Robin says, "Kneel, worm!"
Robin closely misses you. The goblin hits you with a +0 club.
You die...

#.#.#.#..........#####.# #
........####.#####.....######
#
#.#.#.#.###...####(######..>#
#
............#....#.#......#.#
#
##..#######...####.#.##.#...#
#.. ##.## #..#.##.##.## #.
##.####.##.##.#..# #
#..g..........#.#####
#.gg@g........#......
#.##########.######## #.# #.#
#.ggg# #)# .##.gggg# ...
##..ggg# ##. #.....# )#
#....## g# #.#.# .) .... ##


You could see Robin, a hobgoblin (strong) and 2 goblins.

Vanquished Creatures
  2 adders (D:2)
  A dart slug (D:1)
  2 worms (D:2)
  A ball python (D:1)
  2 endoplasms
  4 giant cockroaches (D:2)
  3 hobgoblins (D:2)
  4 jackals (D:1)
  A quokka (D:1)
  5 bats
  2 frilled lizards
  6 goblins
  4 kobolds
  3 rats
40 creatures vanquished.

Vanquished Creatures (others)
  2 fungi (D:2)
2 creatures vanquished.

Grand Total: 42 creatures vanquished

Notes
Turn   | Place    | Note
-------+----------+-------------------------------------------
     0 | D:1      | experimilk the Draconian Conjurer began the quest for the
                  | Orb.
     0 | D:1      | Reached XP level 1. HP: 14/14 MP: 3/3
    27 | D:1      | Found Ocwoppi's Distillery.
   427 | D:1      | Reached XP level 2. HP: 20/20 MP: 0/5
  1329 | D:2      | Reached XP level 3. HP: 26/26 MP: 0/6
  1445 | D:2      | Noticed Robin
  1657 | D:2      | Reached skill level 5 in Conjurations
  2158 | D:2      | Reached XP level 4. HP: 33/33 MP: 0/8
  2197 | D:2      | Slain by a goblin

Illustrated notes

Levels and vault maps discovered:
D:1:      lemuel_arrival_behind_the_door_large, layout_loops_corners,
          serial_shops, nicolae_shop_behind_doors
D:2:      layout_loops_ring, basic_altar, serial_co_window_serial,
          co_window_corner_a, co_window_corner_a, co_window_corner_a,
          co_window_paths_a, co_window_corner_a, co_window_of_opportunity_c,
          co_window_of_opportunity_b, co_window_broadway_c, co_window_corner_ca,
          glass_columns_c, glass_columns_b, glass_columns_a, glass_columns_a,
          glass_columns_b, grunt_decor_cap, minmay_misc_feat_doors,
          chequers_serial_rivers_marsh, uniq_crazy_yiuf_cottage, uniq_robin

Skill      XL: |  1  2  3 |
---------------+----------+-----
Conjurations   | 5 |  5.1
Dodging        | |  1.7
Stealth        | |  1.7
Spellcasting   | |  2.7

Action                   |  1- 3 |  4- 6 || total
-------------------------+-------+-------++-------
Melee: Dagger            |     3 |       ||     3
       Short sword       |    36 |    14 ||    50
       Tailslap          |     3 |     1 ||     4
 Cast: Magic Dart        |    77 |     2 ||    79
  Use: Potion            |       |     1 ||     1
Armor: Skin              |    10 |     9 ||    19
Dodge: Dodged            |    38 |    24 ||    62

Table legend: (Time is in decaauts)
 A = Elapsed time spent in this place.
 B = Non-inter-level travel time spent in this place.
 C = Inter-level travel time spent in this place.
 D = Time resting spent in this place.
 E = Time spent auto-exploring this place.
 F = Levels seen in this place.
 G = Mean time per level.
                   A        B        C        D        E       F      G
               +--------+--------+--------+--------+--------+-----+--------+
         Total |   2199 |   2186 |     13 |    318 |   1601 |   2 | 1099.5 |
       Dungeon |   2199 |   2186 |     13 |    318 |   1601 |   2 | 1099.5 |
               +--------+--------+--------+--------+--------+-----+--------+

Top non-repeatable levels by time:
     D:1: 1168 daAuts
     D:2: 1031 daAuts
